Workbook

Sheet リスク評価モデル
A1: サンプル製造株式会社 内部監査室 リスク評価モデル
A2: 起案者：内部監査室長 田中 起案日：2025-03-10 承認者：取締役会（監査役会と協議、代表取締役社長の意見を付して承認） 承認日：2025-03-24 版：第1版 ［AI生成ドラフト・会計士レビュー前提。会社・人物・数値はすべて架空］
A4: 要因 | B4: ウェイト | C4: 採点の目安
A5: 金額的影響 | B5: 0.3 | C5: 5=連結売上・主要資産に直結（原材料仕入・売上・在庫）／3=部門予算規模／1=軽微
A6: 取引の複雑性・変化 | B6: 0.2 | C6: 5=システム更改・組織変更・新規取引が当期に集中／3=一部変更／1=定型で安定
A7: 不正リスク | B7: 0.2 | C7: 5=動機・機会が具体的（外部からの詐取・キックバック・押し込み）／3=一般的／1=機会が乏しい
A8: 前回監査結果・不備の状況 | B8: 0.2 | C8: 5=重要指摘が未是正／4=指摘あり是正途上／3=未実施（独立評価なし）／1=直近で問題なし
A9: 経営者・監査役の関心・外部環境 | B9: 0.1 | C9: 5=取締役会・監査役会の明示的要請／3=業界動向で注視／1=特段なし
A11: 高リスクしきい値 | B11: 3.8
A12: 中リスクしきい値 | B12: 2.8
A13: 注記 | B13: 採点は前年度の監査結果・J-SOX評価結果・業種別の不正パターン・経営者と監査役会へのヒアリング（2025年2月）に基づき内部監査室が行い、室長が承認した。合計はウェイト付き平均（小数1桁）で、3.8以上を高、2.8以上3.8未満を中、2.8未満を低とする。数値は出発点であり、監査役会の要請や重大事象の発生時は年度中に見直す（10. 計画の変更）。高リスクでも当年度の業務監査の対象としない領域（決算・財務報告、販売、在庫）は、J-SOX経営者評価の独立的評価（180人日）と前年度指摘のフォローアップで当年度もカバーする（第5章）。

Sheet 監査ユニバース
A1: サンプル製造株式会社 内部監査室 監査ユニバース・リスク評価
A2: 起案者：内部監査室長 田中 起案日：2025-03-10 承認者：取締役会（監査役会と協議、代表取締役社長の意見を付して承認） 承認日：2025-03-24 版：第1版 ［AI生成ドラフト・会計士レビュー前提。会社・人物・数値はすべて架空］
A4: 監査領域 | B4: 被監査部門 | C4: 種別 | D4: 金額的影響 | E4: 取引の複雑性・変化 | F4: 不正リスク | G4: 前回監査結果・不備の状況 | H4: 経営者・監査役の関心・外部環境 | I4: 加重合計 | J4: リスク区分 | K4: 計画書のリスク区分（式の判定と照合） | L4: 前回監査 | M4: サイクル | N4: 当年度 | O4: 実施時期 | P4: 工数(人日) | Q4: 選定理由
A5: 購買・支払プロセス(原材料仕入・買掛金・支払) | B5: 購買部・検収部門（諏訪工場・第二工場）・経理部・情報システム部 | C5: 業務監査 | D5: 5 | E5: 4 | F5: 5 | G5: 4 | H5: 4 | I5: =IF(COUNT(D5:H5)=0,"",ROUND(SUMPRODUCT(D5:H5,'リスク評価モデル'!$B$5:$B$9),1)) -> 4.5 | J5: =IF(I5="","",IF(I5>='リスク評価モデル'!$B$11,"高",IF(I5>='リスク評価モデル'!$B$12,"中","低"))) -> 高 | K5: 高 | L5: 2024年2月(前回指摘:分割発注の限度額回避、仕入先マスタ口座変更の二重承認未整備) | M5: 2年（重点領域。前回指摘のフォローアップは毎年） | N5: ○ | O5: 第4四半期（2026年1月予備調査・2月本調査）＋期末後手続（2026年4月・カットオフ／残高） | P5: 130 | Q5: 原材料仕入は連結売上の約6割を占める最大の支出。前回（2024年2月）指摘の分割発注・口座変更の二重承認が未是正。同業でBEC型口座詐取が増加し、監査役会が重点領域として要請。
A6: 正規フロー外取引(スポット購買・経費精算・購買カード・立替) | B6: 経理部・購買部・各費用申請部門 | C6: 業務監査 | D6: 4 | E6: 4 | F6: 5 | G6: 3 | H6: 4 | I6: =IF(COUNT(D6:H6)=0,"",ROUND(SUMPRODUCT(D6:H6,'リスク評価モデル'!$B$5:$B$9),1)) -> 4 | J6: =IF(I6="","",IF(I6>='リスク評価モデル'!$B$11,"高",IF(I6>='リスク評価モデル'!$B$12,"中","低"))) -> 高 | K6: 高 | L6: 未実施(本年度初回。従来は購買プロセスの概況把握に含め独立評価せず) | M6: 1年 | N6: ○ | O6: 第4四半期（2026年2〜3月・購買監査と一体でCAAT全件スクリーニング） | P6: 30 | Q6: 正規発注番号に紐付かない支払・経費は年間約1,800件で、間接材・役務を含み部門予算を横断する規模。統制の空白が疑われるが、従来は購買監査の概況把握に含めるのみで独立評価を行っていない（本年度初回）。私的流用・架空費用の機会が具体的。
A7: コンプライアンス・内部通報運用(取適法・独禁法・購買コンプラ) | B7: 法務・コンプライアンス担当・購買部 | C7: コンプライアンス監査 | D7: 2 | E7: 3 | F7: 3 | G7: 4 | H7: 4 | I7: =IF(COUNT(D7:H7)=0,"",ROUND(SUMPRODUCT(D7:H7,'リスク評価モデル'!$B$5:$B$9),1)) -> 3 | J7: =IF(I7="","",IF(I7>='リスク評価モデル'!$B$11,"高",IF(I7>='リスク評価モデル'!$B$12,"中","低"))) -> 中 | K7: 中 | L7: 2024年8月(取適法の書面交付・支払期日の一部不備を指摘) | M7: 1〜2年 | N7: ○ | O7: 第3四半期(2025年10〜11月) | P7: 30 | Q7: 前回（2024年8月）指摘の取適法（書面交付・支払期日）の是正状況を確認する必要がある。金額影響は限定的だが、法令違反は当局対応・取引先との信頼に直結し監査役会の関心が高い。
A8: 情報セキュリティ・システムアクセス(購買/会計システムの権限・ログ) | B8: 情報システム部 | C8: システム監査 | D8: 3 | E8: 4 | F8: 3 | G8: 4 | H8: 3 | I8: =IF(COUNT(D8:H8)=0,"",ROUND(SUMPRODUCT(D8:H8,'リスク評価モデル'!$B$5:$B$9),1)) -> 3.4 | J8: =IF(I8="","",IF(I8>='リスク評価モデル'!$B$11,"高",IF(I8>='リスク評価モデル'!$B$12,"中","低"))) -> 中 | K8: 中 | L8: 2025年3月(特権ID棚卸・変更管理の運用不備を指摘) | M8: 1年（2025年3月は特権ID棚卸の重点監査） | N8: ○ | O8: 第3四半期(2025年11月・ITGCと一体) | P8: 35 | Q8: 2025年3月指摘の特権ID棚卸・変更管理の運用不備が是正途上。購買・会計システムの権限設定は購買監査のSoD検証（P-22）の前提でもあり、ITGCと一体で評価する。
A9: 販売・売掛金プロセス(売上計上・与信・回収) | B9: 営業部・物流部・経理部 | C9: 業務監査 | D9: 5 | E9: 3 | F9: 4 | G9: 4 | H9: 3 | I9: =IF(COUNT(D9:H9)=0,"",ROUND(SUMPRODUCT(D9:H9,'リスク評価モデル'!$B$5:$B$9),1)) -> 4 | J9: =IF(I9="","",IF(I9>='リスク評価モデル'!$B$11,"高",IF(I9>='リスク評価モデル'!$B$12,"中","低"))) -> 高 | K9: 高 | L9: 2024年9月(期ずれ・与信超過を指摘、フォローアップ中) | M9: 1年 | O9: 翌期第1四半期(2026年5月予定) | P9: 110 | Q9: 連結売上に直結し押し込み・期ずれの不正リスクが典型的。2024年9月指摘（期ずれ・与信超過）はフォローアップ中で、是正完了の確認を当年度Q2に行い、本格監査は翌期Q1に実施する。
A10: 在庫・棚卸資産管理プロセス(実地棚卸・評価・滞留) | B10: 生産管理部・諏訪工場・第二工場・経理部 | C10: 業務監査 | D10: 4 | E10: 4 | F10: 4 | G10: 4 | H10: 3 | I10: =IF(COUNT(D10:H10)=0,"",ROUND(SUMPRODUCT(D10:H10,'リスク評価モデル'!$B$5:$B$9),1)) -> 3.9 | J10: =IF(I10="","",IF(I10>='リスク評価モデル'!$B$11,"高",IF(I10>='リスク評価モデル'!$B$12,"中","低"))) -> 高 | K10: 高 | L10: 2024年11月(滞留在庫の評価減プロセス未整備を指摘) | M10: 1〜2年 | O10: 翌期(2026年度) | P10: 70 | Q10: 滞留在庫の評価減プロセス未整備（2024年11月指摘）が是正途上。棚卸立会の不正パターン（架空在庫・二重カウント）は業種共通の重点。前回から1年半のサイクルで翌期に実施。
A11: 製造・原価計算プロセス(標準原価・差異分析・配賦) | B11: 生産管理部・原価計算課・経理部 | C11: 業務監査 | D11: 4 | E11: 3 | F11: 2 | G11: 2 | H11: 2 | I11: =IF(COUNT(D11:H11)=0,"",ROUND(SUMPRODUCT(D11:H11,'リスク評価モデル'!$B$5:$B$9),1)) -> 2.8 | J11: =IF(I11="","",IF(I11>='リスク評価モデル'!$B$11,"高",IF(I11>='リスク評価モデル'!$B$12,"中","低"))) -> 中 | K11: 中 | L11: 2025年6月 | M11: 2年 | O11: 翌々期(2027年度) | P11: 50 | Q11: 2025年6月に実施済で重要な指摘なし。標準原価の改定・配賦基準の変更は当期に予定されておらず、サイクル2年で翌々期とする。
A12: 決算・財務報告プロセス(月次/年度決算・開示・見積り) | B12: 経理部・経営企画部 | C12: 財務監査 | D12: 5 | E12: 4 | F12: 4 | G12: 3 | H12: 4 | I12: =IF(COUNT(D12:H12)=0,"",ROUND(SUMPRODUCT(D12:H12,'リスク評価モデル'!$B$5:$B$9),1)) -> 4.1 | J12: =IF(I12="","",IF(I12>='リスク評価モデル'!$B$11,"高",IF(I12>='リスク評価モデル'!$B$12,"中","低"))) -> 高 | K12: 高 | L12: 2024年12月(J-SOX全社統制と連携) | M12: 2年（J-SOXの独立的評価は毎年） | O12: 翌期第4四半期(2027年2月・決算対応) | P12: 60 | Q12: 見積り（減損・引当）と開示の誤りは直接に財務報告の信頼性を損なう。J-SOXの決算・財務報告プロセス評価に対する独立的評価を毎期行っているため、業務監査としての深掘りは翌期第4四半期（決算対応）とする。
A13: IT全般統制の独立的評価(J-SOX対象システム・内部統制PJの評価結果のレビュー) | B13: 情報システム部 | C13: システム監査 | D13: 3 | E13: 3 | F13: 2 | G13: 4 | H13: 3 | I13: =IF(COUNT(D13:H13)=0,"",ROUND(SUMPRODUCT(D13:H13,'リスク評価モデル'!$B$5:$B$9),1)) -> 3 | J13: =IF(I13="","",IF(I13>='リスク評価モデル'!$B$11,"高",IF(I13>='リスク評価モデル'!$B$12,"中","低"))) -> 中 | K13: 中 | L13: 2025年3月(特権ID棚卸の運用不備を指摘) | M13: 1〜2年 | O13: 翌期(2026年度・情報セキュリティ監査と統合検討) | P13: 35 | Q13: 2025年3月指摘（特権ID棚卸）の是正を確認する。当年度は購買監査のP-22でアクセス管理・変更管理の一部を検証し、翌期に情報セキュリティ監査と統合して評価することを検討。
A14: 関係会社管理(国内外子会社のガバナンス・巡回監査) | B14: 経営企画部（関係会社担当）・対象子会社の管理部門 | C14: 業務監査 | D14: 3 | E14: 4 | F14: 4 | G14: 3 | H14: 3 | I14: =IF(COUNT(D14:H14)=0,"",ROUND(SUMPRODUCT(D14:H14,'リスク評価モデル'!$B$5:$B$9),1)) -> 3.4 | J14: =IF(I14="","",IF(I14>='リスク評価モデル'!$B$11,"高",IF(I14>='リスク評価モデル'!$B$12,"中","低"))) -> 中 | K14: 中 | L14: 2025年1月(国内子会社2社を巡回。規程整備の遅れを1件指摘) | M14: 2〜3年(各社) | N14: ○ | O14: 第1〜第2四半期(2025年5〜8月・国内子会社2社＋海外子会社1社) | P14: 70 | Q14: 連結子会社12社のうち巡回未了の会社が残る。不正は本業以外・関係会社で起きやすく、海外子会社は現地の資金管理・購買が本社の目から遠い。当年度はガバナンス・規程遵守・資金管理の概況把握を目的とし、業務プロセスの深掘り（海外子会社の購買）は翌年度以降の計画で検討する。

Sheet 年間スケジュール
A1: サンプル製造株式会社 内部監査室 年間スケジュール
A2: 起案者：内部監査室長 田中 起案日：2025-03-10 承認者：取締役会（監査役会と協議、代表取締役社長の意見を付して承認） 承認日：2025-03-24 版：第1版 ［AI生成ドラフト・会計士レビュー前提。会社・人物・数値はすべて架空］
A4: 四半期 | B4: 活動
A5: 第1四半期（2025年4〜6月） | B5: 前年度（2024年度）内部監査の年次報告（監査役会・取締役会）
A6: 第1四半期（2025年4〜6月） | B6: J-SOX 2025年3月期評価の取りまとめ支援と会計監査人との協議
A7: 第1四半期（2025年4〜6月） | B7: 前年度指摘のフォローアップ①（販売・在庫）
A8: 第1四半期（2025年4〜6月） | B8: 関係会社巡回監査①（国内子会社2社）
A9: 第1四半期（2025年4〜6月） | B9: 内部監査規程・監査マニュアルの年次見直し
A10: 第2四半期（2025年7〜9月） | B10: 関係会社巡回監査②（海外子会社1社・往査）
A11: 第2四半期（2025年7〜9月） | B11: 販売・売掛金プロセス 前回指摘のフォローアップ（期ずれ・与信超過）
A12: 第2四半期（2025年7〜9月） | B12: J-SOX 整備状況評価の独立的評価（全社統制・業務プロセス）
A13: 第2四半期（2025年7〜9月） | B13: 四半期報告（監査役会）
A14: 第3四半期（2025年10〜12月） | B14: コンプライアンス・内部通報運用の監査（10〜11月）
A15: 第3四半期（2025年10〜12月） | B15: 情報セキュリティ・システムアクセス監査（11月・ITGCと一体）
... A26: 期末後（2026年4〜5月） | B26: 年次報告（監査役会・取締役会）

Sheet 資源配分
A1: サンプル製造株式会社 内部監査室 資源配分
A2: 起案者：内部監査室長 田中 起案日：2025-03-10 承認者：取締役会（監査役会と協議、代表取締役社長の意見を付して承認） 承認日：2025-03-24 版：第1版 ［AI生成ドラフト・会計士レビュー前提。会社・人物・数値はすべて架空］
A4: 項目 | B4: 人日 | C4: 備考
A5: 購買・支払プロセス監査（予備調査・本調査・期末後手続） | B5: 130 | C5: 重点配分。工場2拠点の往査を含む
A6: 正規フロー外取引のCAAT全件スクリーニング | B6: 30 | C6: 購買監査と一体
A7: 関係会社巡回監査（国内子会社2社・海外子会社1社） | B7: 70
A8: コンプライアンス・内部通報運用の監査 | B8: 30
A9: 情報セキュリティ・システムアクセス監査（ITGCと一体） | B9: 35
A10: 前年度指摘のフォローアップ監査（販売・在庫・購買） | B10: 40 | C10: 四半期ごと
A11: J-SOX 経営者評価の独立的評価（全社統制・決算財務報告・業務プロセスの整備/運用評価レビュー） | B11: 180
A12: 監査役会・取締役会対応、三様監査連絡会、会計監査人との情報交換 | B12: 35
A13: 品質管理（調書査閲・内部評価）・研修 | B13: 45
A14: 予備（臨時監査・特別調査・内部通報案件） | B14: 70 | C14: 未使用分は年度末に翌年度計画へ繰り越さない
A15: 合計 | B15: =SUM(B5:B14) -> 665
A16: 投入可能人日 | B16: 700 | C16: 経費予算 4.2百万円（旅費交通費・外部研修・CAATツール保守。人件費を除く）
A17: 残 | B17: =B16-B15 -> 35

Sheet 報告・連携
A1: サンプル製造株式会社 内部監査室 報告・連携
A2: 起案者：内部監査室長 田中 起案日：2025-03-10 承認者：取締役会（監査役会と協議、代表取締役社長の意見を付して承認） 承認日：2025-03-24 版：第1版 ［AI生成ドラフト・会計士レビュー前提。会社・人物・数値はすべて架空］
A4: 報告先 | B4: 内容 | C4: 時期
A5: 代表取締役社長 | B5: 個別監査の内部監査報告書、重要事項（不正・重大な統制不備）の即時報告 | C5: 各監査終了時・随時
A6: 監査役会 | B6: 年度計画の事前協議、四半期の活動報告、内部監査報告書の写し、フォローアップ状況、期限超過の指摘 | C6: 四半期・各監査終了時（直接報告）
A7: 取締役会 | B7: 年度監査計画、年次活動報告（総括）、重要度「高」の指摘と是正状況 | C7: 年1回（4〜6月）＋重要事項の発生時
A8: 被監査部門長 | B8: 講評会での事実確認、改善計画の合意、フォローアップ結果 | C8: 各監査の講評時・3か月後・6か月後
